 Dungeon Crawl Stone Soup version 0.30-a0-29-g142975f185 (webtiles) character file.

Game seed: 1775956969269947201

659 purpskrrrp the Poker (level 7, -7/56 HPs)
             Began as a Merfolk Fighter on Aug 26, 2022.
             Was a Priest of Lugonu.
             Mangled by an ogre
             ... wielding a +0 giant club
              (22 damage)
             ... on level 5 of the Dungeon.
             The game lasted 00:06:29 (3839 turns).

purpskrrrp the Poker (Merfolk Fighter)              Turns: 3839, Time: 00:06:30

Health: -7/56      AC:  6    Str: 19    XL:     7   Next: 55%
Magic:  7/7        EV: 10    Int:  7    God:    Lugonu [***...]
Gold:   103        SH:  0    Dex: 13    Spells: 6/6 levels left

rFire   . . .      SeeInvis .    t - +4 halberd (vamp)
rCold   . . .      Faith    .    (shield currently unavailable)
rNeg    . . .      Spirit   .    b - +0 scale mail
rPois   .          Reflect  .    (no helmet)
rElec   .          Harm     .    (no cloak)
rCorr   .          Rampage  .    (no gloves)
Will    .....                    (no boots)
Stlth   +.........               (no amulet)
HPRegen 0.18/turn                (no ring)
MPRegen 0.10/turn                (no ring)

@: mighty
A: (nimble swimmer 2), mertail
a: Renounce Religion, Depart the Abyss, Bend Space, Banish


You were on level 5 of the Dungeon.
You worshipped Lugonu.
Lugonu was most pleased with you.
You visited 1 branch of the dungeon, and saw 5 of its levels.

You collected 103 gold pieces.

Inventory:

Hand Weapons
 a - a +0 trident
 t - a +4 vampiric halberd (weapon)
Missiles
 u - a throwing net (quivered)
Armour
 b - a +0 scale mail (worn)
 c - a +0 buckler
Jewellery
 m - a ring of protection from cold
Scrolls
 f - a scroll of acquirement {unknown}
 g - 6 scrolls of identify {unknown}
 h - 2 scrolls of magic mapping {unknown}
 j - a scroll of noise {unknown}
 k - a scroll of fear {unknown}
 o - a scroll of vulnerability {unknown}
 p - a scroll of brand weapon {unknown}
 r - a scroll of amnesia {unknown}
Potions
 e - a potion of invisibility {unknown}
 i - 2 potions of heal wounds {unknown}
 l - 2 potions of flight {unknown}
 n - a potion of berserk rage {unknown}
 q - a potion of curing {unknown}
 s - a potion of brilliance {unknown}
 v - a potion of ambrosia {unknown}
 w - a potion of haste {unknown}
 x - a potion of attraction {unknown}


   Skills:
 + Level 5.2 Fighting
 * Level 6.6 Polearms
 - Level 2.8 Armour
 + Level 3.2 Dodging
 + Level 3.0 Stealth
 - Level 3.9 Shields


You had 6 spell levels left.
You didn't know any spells.
Your spell library contained the following spells:

 Spells                   Type           Power      Damage    Failure   Level
 Apportation              Tloc           0%         N/A       80%         1
 Necrotise                Necr           0%         1d4       80%         1
 Summon Small Mammal      Summ           0%         N/A       80%         1
 Stone Arrow              Conj/Erth      0%         3d7       99%         3
 Leda's Liquefaction      Hex/Erth       0%         N/A       100%        4
 Petrify                  Tmut/Erth      0%         N/A       100%        4
 Metabolic Englaciation   Hex/Ice        0%         N/A       100%        5
 Summon Forest            Summ/Tloc      0%         N/A       100%        5
 Eringya's Noxious Bog    Tmut/Pois      0%         N/A       100%        6
 Simulacrum               Ice/Necr       0%         N/A       100%        6
 Statue Form              Tmut/Erth      0%         N/A       100%        6
 Summon Hydra             Summ           0%         N/A       100%        7


Dungeon Overview and Level Annotations

Branches:
Dungeon (5/15)
 Temple: D:4-7

Altars:
Xom
Lugonu


Innate Abilities, Weirdness & Mutations

((You are very nimble when in or above water. (Stealth+, EV+, Speed+++)))
Your lower body shifts to a powerful aquatic tail in water.


Message History

Your Stealth skill increases to level 3!
No target in view!
No target in view!
No target in view!
No target in view!
No target in view!
No target in view!
No target in view!
No target in view!
No target in view!
An ogre comes into view. It is wielding a +0 giant club.
An ogre is nearby!
You reach to attack!
You hit the ogre.
The ogre is lightly wounded.
You hit the ogre.
The ogre is moderately wounded.
The ogre hits you with a +0 giant club!!
You puncture the ogre!
You feel better.
The ogre is heavily wounded.
The ogre hits you with a +0 giant club!
You barely miss the ogre.
The ogre is heavily wounded.
The ogre hits you with a +0 giant club!
You are too injured to fight recklessly!
You are too injured to fight recklessly!
You are too injured to fight recklessly!
You are too injured to fight recklessly!
You are too injured to fight recklessly!
You are too injured to fight recklessly!
You are too injured to fight recklessly!
Okay, then.
You hit the ogre.
You feel better.
The ogre is severely wounded.
The ogre hits you with a +0 giant club!
* * * LOW HITPOINT WARNING * * *
You feel very mighty all of a sudden.
You barely miss the ogre.
The ogre is severely wounded.
The ogre hits you with a +0 giant club!!
You die...

##..## #.# #.##
#.# #... #.#
##.# #...# #.#
#..## #....##
#.#
#...####.......
##.##
#...##.<.......
#...#
#....†.........
#...#
##.............
...##
##....@O......
.###
#............
##
#........#### #
#......?##
#...#....#
#..###...# #.##
#..# .# #.#


You could see an ogre.

Vanquished Creatures
  2 ogres
  A centaur (D:5)
  A kobold brigand (D:4)
  A hound (D:5)
  A gnoll bouda (D:4)
  3 iguanas
  6 gnolls
  5 adders
  A worm (D:3)
  3 dart slugs
  2 orcs
  5 bats
  9 endoplasms
  3 giant cockroaches
  5 goblins
  10 hobgoblins
  6 jackals (D:1)
  3 quokkas
  9 ball pythons
  4 frilled lizards
  9 kobolds
  7 rats
96 creatures vanquished.

Vanquished Creatures (others)
  2 plants (D:1)
2 creatures vanquished.

Grand Total: 98 creatures vanquished

Notes
Turn   | Place    | Note
-------+----------+-------------------------------------------
     0 | D:1      | purpskrrrp the Merfolk Fighter began the quest for the Orb.
     0 | D:1      | Reached XP level 1. HP: 18/18 MP: 1/1
    87 | D:1      | Reached XP level 2. HP: 13/24 MP: 2/2
   220 | D:1      | Reached skill level 3 in Polearms
   553 | D:1      | Reached XP level 3. HP: 23/29 MP: 3/3
   750 | D:1      | Found a faded altar of an unknown god.
   769 | D:1      | Prayed at the altar of an unknown god.
   769 | D:1      | Became a worshipper of Lugonu the Unformed
   769 | D:1      | Reached * piety under Lugonu
   769 | D:1      | Reached ** piety under Lugonu
  1666 | D:2      | Reached XP level 4. HP: 37/37 MP: 4/4
  1856 | D:3      | Got the Book of the Frozen Rocks
  2502 | D:3      | Reached XP level 5. HP: 42/42 MP: 5/5
  2547 | D:3      | Reached skill level 4 in Polearms
  3131 | D:4      | Reached *** piety under Lugonu
  3132 | D:4      | Reached skill level 1 in Dodging
  3132 | D:4      | Reached skill level 1 in Stealth
  3144 | D:4      | Noticed an ogre
  3149 | D:4      | Killed an ogre
  3150 | D:4      | Reached skill level 5 in Polearms
  3150 | D:4      | Reached XP level 6. HP: 47/49 MP: 6/6
  3430 | D:4      | Found a shimmering altar of Xom.
  3465 | D:4      | Reached XP level 7. HP: 51/55 MP: 7/7
  3617 | D:5      | Entered Level 5 of the Dungeon
  3674 | D:5      | Reached skill level 5 in Fighting
  3674 | D:5      | Reached skill level 6 in Polearms
  3839 | D:5      | Mangled by an ogre

Illustrated notes

Levels and vault maps discovered:
D:1:      psy_arrival_radial02, layout_basic,
          shapermc_ecumenical_altar_mp_ritualfount
D:2:      layout_loops_cross
D:3:      layout_basic
D:4:      layout_rooms, xom_teletrap_fun
D:5:      layout_layer_cave, zin_statuary, minmay_temple_entry_tees,
          uniq_grinder

Skill      XL: |  1  2  3  4  5  6  7 |
---------------+----------------------+-----
Polearms       | 3 5 6 |  6.6
Fighting       | 4 5 |  5.2
Dodging        | 1 2 3 |  3.2
Stealth        | 1 2 3 |  3.0
Armour         | |  2.8
Shields        | |  3.9

Action                   |  1- 3 |  4- 6 |  7- 9 || total
-------------------------+-------+-------+-------++-------
Melee: Trident           |   120 |    88 |       ||   208
       Halberd           |       |    77 |    22 ||    99
  Use: Potion            |       |       |     1 ||     1
Armor: Scale mail        |    36 |    46 |     4 ||    86
Dodge: Dodged            |    40 |    74 |     7 ||   121
Block: Buckler           |    26 |    20 |       ||    46

Table legend: (Time is in decaauts)
 A = Elapsed time spent in this place.
 B = Non-inter-level travel time spent in this place.
 C = Inter-level travel time spent in this place.
 D = Time resting spent in this place.
 E = Time spent auto-exploring this place.
 F = Levels seen in this place.
 G = Mean time per level.
                   A        B        C        D        E       F      G
               +--------+--------+--------+--------+--------+-----+--------+
         Total |   3895 |   3796 |     99 |    125 |   3026 |   5 |  779.0 |
       Dungeon |   3895 |   3796 |     99 |    125 |   3026 |   5 |  779.0 |
               +--------+--------+--------+--------+--------+-----+--------+

Top non-repeatable levels by time:
     D:3: 1291 daAuts
     D:1: 1078 daAuts
     D:2: 690 daAuts
     D:4: 610 daAuts
     D:5: 224 daAuts
